 Dungeon Crawl Stone Soup version 0.21-a0-434-g806c6c2 (webtiles) character file.

101 slep the Slasher (level 4, -1/33 HPs)
             Began as a Demonspawn Gladiator on Nov 8, 2017.
             Slain by a goblin
             ... wielding a +0 club
             ... led by Robin
              (4 damage)
             ... on level 3 of the Dungeon.
             The game lasted 00:05:12 (1368 turns).

slep the Slasher (Demonspawn Gladiator)             Turns: 1368, Time: 00:05:13

Health: -1/33      AC: 13    Str: 12 (15) XL:     4   Next: 48%
Magic:  4/4        EV: 11    Int: 12 (14) God:
Gold:   143        SH:  0    Dex: 18 (20) Spells: 3/3 levels left

rFire    . . .     SeeInvis .   a - +0 long sword
rCold    . . .     Gourm    .   (no shield)
rNeg     . . .     Faith    .   m - +3 chain mail
rPois    .         Spirit   .   (helmet restricted)
rElec    .         Reflect  .   (no cloak)
rCorr    .         Harm     .   (no gloves)
MR       .....                  (no boots)
Stlth    ..........             (no amulet)
HPRegen  0.11/turn              (no ring)
MPRegen  0.09/turn              (no ring)

@: brilliant, agile
A: antennae 1, icy blue scales 1
a: no special abilities


You were on level 3 of the Dungeon.
You were not hungry.

You visited 1 branch of the dungeon, and saw 3 of its levels.

You collected 143 gold pieces.

Inventory:

Hand Weapons
 a - a +0 long sword (weapon)
Missiles
 d - 3 throwing nets (quivered)
Armour
 b - a +0 leather armour
 c - a +0 helmet
 m - a +3 chain mail (worn)
Scrolls
 g - a scroll of identify {unknown}
 h - a scroll of fear {unknown}
 i - a scroll of remove curse {unknown}
Potions
 p - a potion of might {unknown}
Comestibles
 f - 3 bread rations
 j - a meat ration
 n - a royal jelly


   Skills:
 + Level 2.3 Fighting
 + Level 3.6 Long Blades
 + Level 1.8 Throwing
 + Level 1.1 Armour
 + Level 3.5 Dodging
 + Level 0.3 Stealth


You had 3 spell levels left.
You didn't know any spells.

Dungeon Overview and Level Annotations

Branches:
Dungeon (3/15)

Altars:

Annotations:
D:3 Robin


Innate Abilities, Weirdness & Mutations

You have a pair of small antennae on your head.
You are partially covered in icy blue scales. (AC +2)


Message History

You completely miss the goblin.
The goblin shoots a stone.
The stone hits you.
* * * LOW HITPOINT WARNING * * *
The goblin closely misses you. The goblin barely misses you.
It was a potion of brilliance.
You feel clever all of a sudden. Robin barely misses you.
You riposte.
You barely miss Robin.
Robin is heavily wounded.
The goblin closely misses you.
The goblin shoots a stone.
The stone hits you but does no damage. The worm closely misses you.
You riposte.
You hit the worm but do no damage.
The goblin hits you but does no damage. x2
It was a potion of degeneration.
There was something very wrong with that liquid.
You feel weakened.
You feel dopey.
You feel clumsy. Robin hits you but does no damage.
The goblin hits you but does no damage.
The goblin shoots a stone.
The stone hits you but does no damage. The goblin hits you.
* * * LOW HITPOINT WARNING * * *
The goblin hits you with a club.
You die...

#........#
#........#
##........#
%........###
#...(.[....
#$.......#
...##........#.#
.......g†w.....#
.####.#g@g......
......)g).......
.###......g.....
.....##........
...### #........
.. ##....... .
....... .......


You could see a worm, Robin and 4 goblins.

Vanquished Creatures
  A howler monkey (D:2)
  2 adders (D:2)
  A leopard gecko (D:1)
  16 goblins
  4 hobgoblins
  6 bats
  6 frilled lizards
  4 kobolds
  6 rats
  A toadstool (D:1)
47 creatures vanquished.

Vanquished Creatures (others)
  3 toadstools (D:1)
3 creatures vanquished.

Grand Total: 50 creatures vanquished

Notes
Turn   | Place    | Note
-------+----------+-------------------------------------------
     0 | D:1      | slep the Demonspawn Gladiator began the quest for the Orb.
     0 | D:1      | Reached XP level 1. HP: 16/16 MP: 1/1
   169 | D:1      | Gained mutation: You are partially covered in icy blue scales. (AC +2) [demonic ancestry]
   169 | D:1      | Reached XP level 2. HP: 20/22 MP: 2/2
   829 | D:2      | Reached XP level 3. HP: 27/27 MP: 3/3
   924 | D:2      | Reached skill level 1 in Armour
   924 | D:2      | Gained mutation: You have a pair of small antennae on your head. [demonic ancestry]
   924 | D:2      | Reached XP level 4. HP: 17/33 MP: 4/4
  1353 | D:3      | Noticed Robin
  1368 | D:3      | Slain by a goblin

Vault maps used:
D:1:      ldierk_water_garden
D:2:      first_bread, minmay_door_square
D:3:      kennysheep_goblin_castle, chequers_temple_overflow_statue_of_worship,
          minmay_misc_feat_room, uniq_terence, uniq_robin

Skill      XL: |  1  2  3 |
---------------+----------+-----
Dodging        | 3 |  3.5
Long Blades    | 3 |  3.6
Armour         | 1 |  1.1
Fighting       | |  2.3
Throwing       | |  1.8
Stealth        | |  0.3

Action                   |  1- 3 |  4- 6 || total
-------------------------+-------+-------++-------
Melee: Long sword        |    89 |    55 ||   144
  Use: Potion            |       |     3 ||     3
  Eat: Chunk             |       |     2 ||     2
Armor: Leather armour    |    32 |       ||    32
       Chain mail        |       |    60 ||    60
Dodge: Dodged            |    71 |    40 ||   111
       Rpst.: Long sword |    27 |    12 ||    39

Table legend:
 A = Spawn XP
 B = Non-spawn XP
 C = Spawn XP percentage of total XP
 D = Spawn monster count
 E = Non-spawn monster count
 F = Spawn count percentage of total count
 G = Total turns spent on level
                    A         B        C        D         E        F      G
               +---------+---------+-------+---------+---------+-------+---------
         Total |       0 |     145 |   0.0 |       0 |      46 |   0.0 |  1368
               +---------+---------+-------+---------+---------+-------+---------
           D:1 |       0 |      25 |   0.0 |       0 |      17 |   0.0 |   648
           D:2 |       0 |     101 |   0.0 |       0 |      18 |   0.0 |   685
           D:3 |       0 |      19 |   0.0 |       0 |      11 |   0.0 |    35
               +---------+---------+-------+---------+---------+-------+---------
